 Dungeon Sprint DCSS version 0.28-a0-1412-gf95308ed99 (webtiles) character file.

Game seed: 7464681241452959862

4034 mhtbhm the Severer (level 10, -20/104 HPs)
             Began as a Minotaur Berserker on Jan 7, 2022.
             Was the Champion of Trog.
             Killed from afar by a hell hog (44 damage)
             ... with a fireball
             ... in the Dungeon (Sprint VII: "The Pits").
             The game lasted 00:02:40 (1471 turns).

mhtbhm the Severer (Minotaur Berserker)             Turns: 1471, Time: 00:02:41

Health: -20/104    AC: 26    Str: 26    XL:     10   Next: 4%
Magic:  9/9        EV: 11    Int:  4    God:    Trog [******]
Gold:   0          SH:  0    Dex: 10    Spells: 9/9 levels left

rFire   . . .      SeeInvis .   a - +3 battleaxe (vorpal)
rCold   . . .      Faith    .   (shield currently unavailable)
rNeg    . . .      Spirit   .   b - +4 chain mail
rPois   .          Reflect  .   (helmet restricted)
rElec   .          Harm     .   (no cloak)
rCorr   .          Rampage  .   o - +0 pair of gloves
Will    .....      NoTele   +   p - +0 pair of boots
Stlth   ..........              (no amulet)
HPRegen 0.27/turn               k - +3 ring of protection
MPRegen 0.11/turn               l - +3 ring of protection

@: no status effects
A: horns 2, retaliatory headbutt
a: Renounce Religion, Berserk, Trog's Hand, Brothers in Arms


You were in the Dungeon.
You worshipped Trog.
Trog was exalted by your worship.
You visited 1 branch

Inventory:

Hand Weapons
 a - a +3 vorpal battleaxe (weapon)
Armour
 b - a +4 chain mail (worn)
 o - a +0 pair of gloves (worn)
 p - a +0 pair of boots (worn)
Jewellery
 k - a +3 ring of protection (left hand)
 l - a +3 ring of protection (right hand)
Scrolls
 j - a scroll of summoning
Potions
 c - 5 potions of curing
 d - 5 potions of heal wounds
 e - a potion of haste
 f - 4 potions of magic
 g - 5 potions of berserk rage
 i - 2 potions of invisibility
 m - 2 potions of resistance
 n - a potion of mutation


   Skills:
 + Level 14.5 Fighting
 + Level 18.2 Axes
 + Level 13.5 Armour
 + Level 8.6 Dodging
 + Level 0.2 Stealth


You had 9 spell levels left.
You didn't know any spells.
Your spell library was empty.

Dungeon Overview and Level Annotations

Branches:
Dungeon (1/1)

Altars:
Cheibriados
Dithmenos
Elyvilon
Fedhas
Gozag
Hepliaklqana
Makhleb
Nemelex Xobeh
Okawaru
Qazlal
Ru
Sif Muna
Trog
Vehumet
Wu Jian
Xom
Yredelemnul
Zin
The Shining One
Beogh
Jiyva
Lugonu


Innate Abilities, Weirdness & Mutations

You have a pair of horns on your head.
You reflexively headbutt those who attack you in melee.


Message History

You hit the hell hog but do no damage. You barely miss the hell hog.
The hell hog misses you. The hell hog breathes fire at you.
The fireball explodes!
The fireball engulfs the hell hog.
The hell hog completely resists.
The fireball engulfs the hell hog.
The hell hog completely resists.
The fireball engulfs you!
The fireball engulfs the hell hog.
The hell hog completely resists.
The hell hog bites you but does no damage. x2
You barely miss the hell hog.
The hell hog is heavily wounded.
You slash the hell hog! You hit the hell hog but do no damage.
The hell hog barely misses you. The hell hog breathes fire at you.
The fireball explodes!
The fireball engulfs you!
The fireball engulfs the hell hog.
The hell hog completely resists.
The fireball engulfs the hell hog.
The hell hog completely resists.
The fireball engulfs the hell hog.
The hell hog completely resists.
The lindwurm breathes flames at you.
The blast of flame hits the hell hog.
The hell hog completely resists.
The blast of flame hits you!!
* * * LOW HITPOINT WARNING * * *
The hell hog bites you but does no damage.
You closely miss the hell hog.
The hell hog is heavily wounded.
You barely miss the hell hog. x2
The hell hog bites you but does no damage. x2
The hell hog breathes fire at you.
The fireball explodes!
The fireball engulfs you!
* * * LOW HITPOINT WARNING * * *
The fireball engulfs the hell hog.
The hell hog completely resists.
The fireball engulfs the hell hog.
The hell hog completely resists.
The fireball engulfs the hell hog.
The hell hog completely resists.
Blink to where?
Press: ? - help, Dir - move target
As you read the scroll of blinking, it crumbles to dust.
Okay, then.
You feel much better. The hell hog breathes fire at you.
The fireball explodes!
The fireball engulfs you!!!
You die...

#++#######################
#...............h.h..h....
#.)†.).....@....hh...k....
#..##############++#######
#..# #..# #..# #..# #..#
#..# ######..#


You could see 4 hell hogs.

Vanquished Creatures
  A two-headed ogre (D)
  A lindwurm (D)
  A demonic crawler (D)
  A merfolk (D)
  A troll (D)
  Prince Ribbit (D)
  A fire bat (D)
  A redback (D)
  A water moccasin (D)
  A floating eye (D)
  An ogre (D)
  A centaur (D)
  A scorpion (D)
  4 wights (D)
  A crimson imp (D)
  A quasit (D)
  A gnoll shaman (D)
  An orc wizard (D)
  4 gnolls (D)
  An adder (D)
  A river rat (D)
  An orc (D)
  A goblin (D)
  7 jackals (D)
  A ball python skeleton (D)
  2 bats (D)
  A bat simulacrum (D)
  A kobold (D)
  A rat (D)
42 creatures vanquished.

Vanquished Creatures (collateral kills)
  Frances (D)
  A jackal (D)
2 creatures vanquished.

Grand Total: 44 creatures vanquished

Notes
Turn   | Place    | Note
-------+----------+-------------------------------------------
     0 | D        | mhtbhm the Minotaur Berserker began the quest for the Orb.
     0 | D        | Reached XP level 1. HP: 19/19 MP: 0/0
    16 | D        | Reached skill level 4 in Axes
    21 | D        | Found a bloodstained altar of Trog.
    21 | D        | Found a shimmering blue altar of Sif Muna.
    21 | D        | Found a viscous altar of Jiyva.
    21 | D        | Found a hazy altar of Hepliaklqana.
    21 | D        | Found an opulent altar of Gozag.
    22 | D        | Found a glowing golden altar of the Shining One.
    22 | D        | Found a glowing silver altar of Zin.
    22 | D        | Found a basalt altar of Yredelemnul.
    22 | D        | Found a shimmering altar of Xom.
    22 | D        | Found an ornate altar of the Wu Jian Council.
    22 | D        | Found a sacrificial altar of Ru.
    22 | D        | Found a stormy altar of Qazlal.
    22 | D        | Found an iron altar of Okawaru.
    22 | D        | Found a sparkling altar of Nemelex Xobeh.
    22 | D        | Found a burning altar of Makhleb.
    22 | D        | Found a blossoming altar of Fedhas.
    22 | D        | Found a white marble altar of Elyvilon.
    22 | D        | Found a shadowy altar of Dithmenos.
    22 | D        | Found a snail-covered altar of Cheibriados.
    25 | D        | Found a corrupted altar of Lugonu.
    25 | D        | Found a radiant altar of Vehumet.
    61 | D        | Reached ** piety under Trog
    78 | D        | Reached *** piety under Trog
    79 | D        | Reached skill level 5 in Fighting
    79 | D        | Reached skill level 5 in Axes
    79 | D        | Reached XP level 2. HP: 26/29 MP: 1/1
   110 | D        | Noticed a floating eye
   116 | D        | Killed a floating eye
   117 | D        | Reached skill level 8 in Axes
   117 | D        | Reached XP level 3. HP: 39/39 MP: 2/2
   117 | D        | Reached XP level 4. HP: 47/47 MP: 3/3
   121 | D        | Reached **** piety under Trog
   194 | D        | Noticed a water moccasin
   194 | D        | Noticed Prince Ribbit
   197 | D        | Reached XP level 5. HP: 50/53 MP: 4/4
   197 | D        | Noticed a fire bat
   199 | D        | Reached skill level 9 in Axes
   201 | D        | Killed a water moccasin
   202 | D        | Reached skill level 10 in Axes
   202 | D        | Reached skill level 5 in Armour
   202 | D        | Reached skill level 5 in Dodging
   202 | D        | Reached XP level 6. HP: 63/63 MP: 5/5
   202 | D        | Reached ***** piety under Trog
   209 | D        | Received a gift from Trog
   217 | D        | Killed a fire bat
   218 | D        | Reached skill level 10 in Fighting
   218 | D        | Reached skill level 12 in Axes
   221 | D        | Killed Prince Ribbit
   222 | D        | Reached XP level 7. HP: 35/74 MP: 6/6
   266 | D        | Reached skill level 13 in Axes
   395 | D        | Noticed a redback
   407 | D        | Killed a redback
   660 | D        | Reached skill level 14 in Axes
   668 | D        | Reached XP level 8. HP: 32/83 MP: 2/7
   889 | D        | Noticed a troll
   893 | D        | Killed a troll
   895 | D        | Reached ****** piety under Trog
   898 | D        | Received a gift from Trog
   899 | D        | Reached skill level 15 in Axes
  1049 | D        | Noticed a demonic crawler
  1049 | D        | Noticed a two-headed ogre
  1056 | D        | Killed a demonic crawler
  1057 | D        | Reached skill level 10 in Armour
  1059 | D        | Killed a two-headed ogre
  1060 | D        | Reached skill level 16 in Axes
  1060 | D        | Reached XP level 9. HP: 93/93 MP: 8/8
  1103 | D        | Noticed a lindwurm
  1105 | D        | Noticed a merfolk
  1111 | D        | Killed a lindwurm
  1112 | D        | Reached skill level 17 in Axes
  1116 | D        | Killed a merfolk
  1411 | D        | Noticed Frances
  1415 | D        | Received a gift from Trog
  1422 | D        | Killed Frances
  1423 | D        | Reached skill level 18 in Axes
  1423 | D        | Reached XP level 10. HP: 104/104 MP: 9/9
  1462 | D        | Noticed a hell hog
  1462 | D        | Noticed a hell hog
  1463 | D        | Noticed a hell hog
  1464 | D        | Noticed a lindwurm
  1464 | D        | Noticed a hell hog
  1471 | D        | Killed from afar by a hell hog

Illustrated notes

Levels and vault maps discovered:
D:        pitsprint [storerooms_1, entrance_room_1, metal_vault_6, armoury_3,
          mini_pit_1, grid_room_1, main_hall_1, silver_pit, the_coven_3,
          the_vestibule_1, steel_vault_4, golden_pit, hallway_of_sentries,
          crystal_vault_1, iron_vault_3, final_vault]

Skill      XL: |  1  2  3  4  5  6  7  8  9 |
---------------+----------------------------+-----
Fighting       | 5 7 9 11 12 13 14 | 14.5
Axes           | 5 8 10 12 14 16 18 | 18.2
Armour         | 3 4 5 6 8 11 13 | 13.5
Dodging        | 3 4 5 6 7 8 |  8.6
Stealth        | |  0.2

Action                   |  1- 3 |  4- 6 |  7- 9 | 10-12 || total
-------------------------+-------+-------+-------+-------++-------
Melee: Hand axe          |    21 |    25 |       |       ||    46
       Headbutt          |     4 |     4 |    12 |     1 ||    21
       War axe           |       |       |    39 |       ||    39
       Punch             |       |       |     1 |       ||     1
       Battleaxe         |       |       |    20 |     5 ||    25
Invok: Berserk           |       |     1 |     4 |       ||     5
       Brothers in Arms  |       |       |     1 |       ||     1
  Use: Potion            |       |       |     2 |     1 ||     3
       Scroll            |       |       |       |     1 ||     1
Armor: Animal skin       |     4 |     1 |       |       ||     5
       Chain mail        |       |    10 |    25 |     7 ||    42
Dodge: Dodged            |    14 |    16 |    34 |     2 ||    66

Table legend: (Time is in decaauts)
 A = Elapsed time spent in this place.
 B = Non-inter-level travel time spent in this place.
 C = Inter-level travel time spent in this place.
 D = Time resting spent in this place.
 E = Time spent auto-exploring this place.
 F = Levels seen in this place.
 G = Mean time per level.
                   A        B        C        D        E       F      G
               +--------+--------+--------+--------+--------+-----+--------+
         Total |   1505 |   1505 |      0 |   1007 |     31 |   1 | 1505.0 |
       Dungeon |   1505 |   1505 |      0 |   1007 |     31 |   1 | 1505.0 |
               +--------+--------+--------+--------+--------+-----+--------+

Top non-repeatable levels by time:
       D: 1505 daAuts
